 Dungeon Crawl Stone Soup version 0.30-a0-840-ga523dec638 (webtiles) character file.

Game seed: 2700141981572182041

8404 xian the Tainter (level 11, -5/84 HPs)
             Began as a Green Draconian Venom Mage on Mar 2, 2023.
             Was an Initiate of Gozag.
             Slain by a nine-headed hydra (11 damage)
             ... on level 9 of the Dungeon.
             The game lasted 00:26:53 (8676 turns).

xian the Tainter (Green Draconian Venom Mage)       Turns: 8676, Time: 00:26:54

Health: -5/84      AC: 11    Str: 12    XL:     11   Next: 9%
Magic:  21/21      EV: 14    Int: 19    God:    Gozag
Gold:   819        SH:  0    Dex: 11    Spells: 14/24 levels left

rFire   + . .      SeeInvis .    C - +5 war axe of Xeazakk {drain, rElec rPois rCorr}
rCold   . . .      Faith    .    O - orb {*Rage}
rNeg    . . .      Spirit   .    (body armour unavailable)
rPois   +          Reflect  .    b - +1 hat
rElec   +          Harm     .    L - +1 cloak of Vanity {rC+}
rCorr   +          Rampage  .    (no gloves)
Will    +....      Rage     20%  c - +0 pair of boots
Stlth   +++                      q - amulet of the acrobat
HPRegen 0.34/turn                t - ring of willpower
MPRegen 0.17/turn                F - ring of fire

@: no status effects
A: breathe noxious fumes, AC +7, unfitting armour, poison resistance,
cold-blooded
a: Breathe Noxious Fumes, Renounce Religion, Potion Petition, Call Merchant,
Bribe Branch


You were on level 9 of the Dungeon.
You worshipped Gozag.
Gozag was pleased with you.
You visited 2 branches of the dungeon, and saw 10 of its levels.

You collected 1399 gold pieces.
You spent 483 gold pieces at shops.
You paid 97 gold pieces to Gozag.

Inventory:

Hand Weapons
 w - a +0 dagger of distortion
 C - the +5 war axe of Xeazakk (weapon) {drain, rElec rPois rCorr}
   (You found it on level 5 of the Dungeon)

   rElec:     It insulates you from electricity.
   rPois:     It protects you from poison.
   rCorr:     It protects you from acid and corrosion.
 G - a +4 war axe of venom
Missiles
 d - 6 atropa-tipped darts
 f - 44 poisoned darts
 v - 19 boomerangs
Armour
 b - a +1 hat (worn)
 c - a +0 pair of boots (worn)
 o - a +0 buckler
 L - the +1 cloak of Vanity (worn) {rC+}
   (You bought it in a shop on level 8 of the Dungeon)

   rC:        It protects you from cold.
 O - an orb of wrath (worn)
Magical Staves
 y - a staff of air
Jewellery
 q - an amulet of the acrobat (around neck)
 t - a ring of willpower (left hand)
 F - a ring of fire (right hand)
Wands
 s - a wand of flame (53)
 x - a wand of roots (10)
 M - a wand of mindburst (21)
Scrolls
 g - 2 scrolls of enchant weapon
 h - 5 scrolls of teleportation
 j - a scroll of torment
 m - 5 scrolls of vulnerability
 n - 2 scrolls of amnesia
 p - 5 scrolls of fog
 u - 2 scrolls of summoning
 z - a scroll of blinking
 A - a scroll of magic mapping
 D - 3 scrolls of immolation
 I - a scroll of brand weapon
 N - a scroll of poison {unknown}
Potions
 a - a potion of magic
 e - 5 potions of might {unknown}
 i - 3 potions of curing {unknown}
 k - a potion of brilliance {unknown}
 l - 2 potions of berserk rage {unknown}
 r - 2 potions of heal wounds
 B - 3 potions of haste
 E - a potion of degeneration {unknown}
 H - 3 potions of mutation {unknown}
 J - a potion of invisibility {unknown}
 K - a potion of attraction


   Skills:
 + Level 4.3 Fighting
 + Level 5.0 Short Blades
 + Level 2.1 Axes
 + Level 6.4 Dodging
 + Level 5.8 Stealth
 * Level 7.3 Shields
 + Level 0.2 Unarmed Combat
 + Level 7.0 Spellcasting
 + Level 4.5 Transmutations
 + Level 1.0 Air Magic
 + Level 8.3 Poison Magic


You had 14 spell levels left.
You knew the following spells:

 Your Spells              Type           Power      Damage    Failure   Level
a - Sting                 Tmut/Pois      100%       1d8       1%          1
b - Poisonous Vapours     Pois/Air       48%        N/A       2%          2
c - Mephitic Cloud        Conj/Pois/Air  18%        N/A       9%          3
d - Olgreb's Toxic Radia  Pois           38%        N/A       3%          4

Your spell library contained the following spells:

 Spells                   Type           Power      Damage    Failure   Level
 Passwall                 Tmut/Erth      12%        N/A       6%          2
 Blink                    Tloc           12%        N/A       16%         2
 Ensorcelled Hibernation  Hex/Ice        12%        N/A       16%         2
 Lesser Beckoning         Tloc           12%        N/A       16%         2
 Momentum Strike          Conj/Tloc      12%        3d8       16%         2
 Scorch                   Fire           18%        2d6       16%         2
 Swiftness                Air            10%        N/A       21%         3
 Airstrike                Air            5%         2d(1-17)  54%         4
 Summon Lightning Spire   Summ/Air       8%         N/A       63%         4
 Flame Wave               Conj/Fire      9%         2d6       69%         4
 Lightning Bolt           Conj/Air       4%         1d15      92%         5
 Summon Cactus Giant      Summ           3%         N/A       100%        6


Dungeon Overview and Level Annotations

Branches:
Dungeon (9/15)             Temple (1/1) D:5             Orc (0/2) D:9
   Lair: D:8-11

Altars:
Ashenzari
Cheibriados
Dithmenos
Elyvilon
Fedhas
Gozag
Hepliaklqana
Kikubaaqudgha
Makhleb
Nemelex Xobeh
Okawaru
Qazlal
Ru
Trog
Uskayaw
Vehumet
Wu Jian
Xom
Yredelemnul
Zin
The Shining One

Shops:
D:1 (   D:8 [

Annotations:
D:4 1 runed translucent door, SirDiesAlot's ghost, amateur DsAr
Abyss:1 Eustachio; Ijyb


Innate Abilities, Weirdness & Mutations

You can breathe blasts of noxious fumes.
Your lurid green scales are hard. (AC +7)
You cannot fit into any form of body armour.
Your system is resistant to poisons. (rPois)
You are cold-blooded and may be slowed by cold attacks.


Message History

The seven-headed hydra barely misses you. x2
The seven-headed hydra bites you but does no damage.
The seven-headed hydra bites you!
The seven-headed hydra closely misses you.
The seven-headed hydra bites you.
The seven-headed hydra bites you but does no damage.
The seven-headed hydra barely misses you.
The seven-headed hydra bites you. x2
The seven-headed hydra completely misses you.
The seven-headed hydra bites you! x2
You slice one of the seven-headed hydra's heads off!
The six-headed hydra grows two more!
You slash the eight-headed hydra!
The eight-headed hydra is moderately wounded.
The eight-headed hydra completely misses you.
The eight-headed hydra bites you!
The eight-headed hydra barely misses you.
The eight-headed hydra bites you but does no damage.
The eight-headed hydra barely misses you.
The eight-headed hydra bites you but does no damage.
The eight-headed hydra barely misses you.
The eight-headed hydra misses you.
You slice one of the eight-headed hydra's heads off!
The seven-headed hydra grows two more!
You hit the nine-headed hydra. You tail-slap the nine-headed hydra.
The nine-headed hydra is lightly wounded.
The nine-headed hydra bites you.
The nine-headed hydra closely misses you.
The nine-headed hydra misses you. The nine-headed hydra bites you.
The nine-headed hydra closely misses you.
The nine-headed hydra bites you.
* * * LOW HITPOINT WARNING * * *
The nine-headed hydra bites you!
* * * LOW HITPOINT WARNING * * *
The nine-headed hydra misses you. The nine-headed hydra bites you!
* * * LOW HITPOINT WARNING * * *
A troll comes into view.
The nine-headed hydra bites you but does no damage.
The nine-headed hydra bites you!
You die...
Your body crumbles into a pile of gold. ### ##### PP.P#

##...#### #####
......#.T.....###...#
.~~P..T....##TD@....#
P~~.♣......######...##
.. #P#....P#........#
####...##.####.#.#
######.# #.#)# #.#
##.#.# ##+# #.# #..#.#
##...## #.# #.##.#
##.....## #.###># .#


You could see a nine-headed hydra and 2 trolls.

Vanquished Creatures
  A boulder beetle (D:8)
  A centaur warrior (D:8)
  2 two-headed ogres
  Joseph (D:7)
  Maggie (D:7)
  6 yaks (D:9)
  3 wyverns
  A wraith (D:9)
  4 steam dragons
  Menkaure (D:5)
  A water moccasin (D:5)
  3 orc warriors
  2 ice beasts
  A black bear (D:6)
  2 sky beasts (D:6)
  2 ogres
  A centaur (D:7)
  A phantom (D:7)
  3 kobold brigands
  A necrophage (D:5)
  A scorpion (D:4)
  2 wights (D:9)
  6 killer bees
  3 howler monkeys
  A gnoll bouda (D:8)
  5 hounds
  A jelly (D:5)
  6 orc priests
  8 iguanas
  3 orc wizards
  8 gnolls
  10 adders
  An ufetubus (D:7)
  4 dart slugs
  27 orcs
  8 ball pythons
  12 bats
  7 endoplasms
  A giant cockroach (D:1)
  10 goblins
  8 hobgoblins
  3 jackals (D:2)
  3 quokkas
  A frilled lizard (D:3)
  26 kobolds
  5 rats
208 creatures vanquished.

Vanquished Creatures (collateral kills)
  A killer bee (D:7)
1 creature vanquished.

Vanquished Creatures (others)
  A quokka (D:5)
  4 plants (D:9)
5 creatures vanquished.

Grand Total: 214 creatures vanquished

Notes
Turn   | Place    | Note
-------+----------+-------------------------------------------
     0 | D:1      | xian the Draconian Venom Mage began the quest for the Orb.
     0 | D:1      | Reached XP level 1. HP: 14/14 MP: 3/3
   149 | D:1      | Reached XP level 2. HP: 16/20 MP: 3/5
   203 | D:1      | Found Uxuno's Antique Weapon Emporium.
   418 | D:1      | Learned a level 2 spell: Poisonous Vapours
   963 | D:2      | Reached XP level 3. HP: 26/26 MP: 3/6
  1053 | D:2      | Learned a level 3 spell: Mephitic Cloud
  1438 | D:2      | Reached XP level 4. HP: 34/34 MP: 1/7
  1621 | D:3      | Found a snail-covered altar of Cheibriados.
  1785 | D:3      | Reached skill level 1 in Shields
  1792 | D:3      | Reached skill level 1 in Fighting
  2128 | D:3      | Found a shimmering altar of Xom.
  2143 | D:3      | Reached XP level 5. HP: 25/40 MP: 6/9
  2204 | D:3      | Found a shadowy altar of Dithmenos.
  2290 | D:3      | Found an iron altar of Okawaru.
  2291 | D:3      | Found a bloodstained altar of Trog.
  2291 | D:3      | Found a broken altar of Ashenzari.
  2294 | D:3      | Found an ancient bone altar of Kikubaaqudgha.
  2314 | D:3      | Found a faded altar of an unknown god.
  2358 | D:3      | Found a hide-covered altar of Uskayaw.
  2776 | D:3      | Reached skill level 4 in Poison Magic
  2932 | D:4      | Found a runed translucent door.
  2932 | D:4      | Noticed SirDiesAlot's ghost (amateur DsAr)
  3026 | D:4      | Reached XP level 6. HP: 19/47 MP: 7/11
  3631 | D:4      | Found a basalt altar of Yredelemnul.
  3720 | D:5      | Entered Level 5 of the Dungeon
  3720 | D:5      | Noticed Eustachio
  3720 | D:5      | Found a glowing silver altar of Zin.
  3725 | D:5      | Banished Eustachio
  3726 | D:5      | Your scales start taking on a lurid green colour.
  3726 | D:5      | Reached skill level 5 in Poison Magic
  3726 | D:5      | Reached XP level 7. HP: 53/53 MP: 12/12
  3726 | D:5      | Gained mutation: Your system is resistant to poisons.
                  | (rPois) [Green Draconian growth]
  3956 | D:5      | Learned a level 4 spell: Olgreb's Toxic Radiance
  3999 | D:5      | Noticed Menkaure
  4003 | D:5      | Identified the +5 war axe of Xeazakk {drain, rElec rPois
                  | rCorr}
  4005 | D:5      | Found a staircase to the Ecumenical Temple.
  4014 | D:5      | Killed Menkaure
  4021 | Temple   | Entered the Ecumenical Temple
  4220 | D:5      | Noticed Ijyb
  4231 | D:5      | Banished Ijyb
  4331 | D:5      | Reached skill level 1 in Short Blades
  4331 | D:5      | Reached XP level 8. HP: 61/61 MP: 12/14
  4371 | D:5      | Found a glowing golden altar of the Shining One.
  4529 | D:5      | Found an opulent altar of Gozag.
  4545 | D:5      | Became a worshipper of Gozag Ym Sagoz the Greedy
  4550 | D:5      | Reached skill level 6 in Poison Magic
  4671 | D:6      | Identified the +1 hand axe "Kukeupuh" {holy, rC++ rCorr}
  4969 | D:6      | Noticed a two-headed ogre
  4982 | D:6      | Killed a two-headed ogre
  4983 | D:6      | Reached skill level 5 in Shields
  4983 | D:6      | Reached skill level 5 in Spellcasting
  4983 | D:6      | Reached XP level 9. HP: 62/68 MP: 12/17
  4988 | D:6      | Identified the +7 flail of the Toadstool {heavy, rCorr
                  | Str+3}
  5132 | D:6      | Reached skill level 7 in Poison Magic
  5499 | D:7      | Noticed Maggie
  5512 | D:7      | Killed Maggie
  6081 | D:7      | Noticed Joseph
  6115 | D:7      | Killed Joseph
  6116 | D:7      | Reached skill level 5 in Dodging
  6475 | D:8      | Reached XP level 10. HP: 77/77 MP: 19/19
  6615 | D:8      | Found Buulymp's Armour Emporium.
  6627 | D:8      | Bought the +1 cloak of Vanity {rC+} for 258 gold pieces
  6756 | D:1      | Bought a bloodstained broad axe for 225 gold pieces
  6756 | D:1      | Identified the +3 broad axe of Execution {vamp, rPois rF+
                  | Dex+4} (You bought it in a shop on level 1 of the Dungeon)
  7363 | D:8      | Found a white marble altar of Elyvilon.
  7454 | D:8      | Noticed a centaur warrior
  7457 | D:8      | Noticed a boulder beetle
  7468 | D:8      | Killed a centaur warrior
  7487 | D:8      | Killed a boulder beetle
  7488 | D:8      | Reached skill level 5 in Stealth
  7681 | D:8      | Noticed a two-headed ogre
  7686 | D:8      | Killed a two-headed ogre
  7687 | D:8      | Reached skill level 8 in Poison Magic
  7849 | D:9      | Reached skill level 5 in Short Blades
  8013 | D:9      | Found a staircase to the Orcish Mines.
  8138 | D:9      | Reached skill level 1 in Air Magic
  8297 | D:9      | Reached skill level 1 in Axes
  8578 | D:9      | Reached XP level 11. HP: 84/84 MP: 16/21
  8662 | D:9      | Noticed a seven-headed hydra
  8676 | D:9      | Slain by a nine-headed hydra

Illustrated notes

Levels and vault maps discovered:
D:1:      dpeg_arrival_pits, layout_rooms, serial_shops, shop,
          kennysheep_pointless_box, minmay_misc_feat_chi,
          kennysheep_another_room
D:2:      minmay_recursive_quarters, layout_rooms
D:3:      layout_loops_cross, nicolae_dithmenos_the_darkroom,
          nicolae_uskayaw_dance_hall, minitemple, mainiacjoe_overflow_boulevard,
          hellmonk_ecumenical_altar_leap_of_faith
D:4:      layout_loops_ring, mainiacjoe_overflow_alcove_1,
          hellmonk_ghost_happy_afterlife
D:5:      layout_rooms, lemuel_tele_altar, old_standard_altar,
          grunt_gozag_statues, minmay_temple_entry_arrows, amethyst_killhole,
          hex_tiny, uniq_ijyb, uniq_eustachio, uniq_menkaure
D:6:      layout_rooms
D:7:      layout_basic, serial_rivers, chequers_serial_rivers_large_b,
          chequers_serial_rivers_small_a, chequers_serial_rivers_micro_d,
          chequers_serial_rivers_micro_d, chequers_serial_rivers_micro_a,
          chequers_serial_rivers_micro_b, uniq_joseph, uniq_maggie
D:8:      kennysheep_blocky_hall, layout_basic, mainiacjoe_overflow_catwalk,
          serial_rivers, chequers_serial_rivers_micro_a,
          chequers_serial_rivers_micro_b, chequers_serial_rivers_micro_a,
          chequers_serial_rivers_micro_c, serial_shops, shop_statue,
          minmay_small_thing
D:9:      layout_loops_corners, general_overflow_altar,
          minmay_orc_entry_temple_small, hellmonk_guarded_unrand_vines
Temple:   nicolae_temple_two_arcs

Skill      XL: |  1  2  3  4  5  6  7  8  9 10 11 |
---------------+----------------------------------+-----
Dodging        | 2 3 4 5 6 |  6.4
Stealth        | 2 3 4 5 |  5.8
Shields        | 1 2 3 5 7 |  7.3
Fighting       | 1 2 3 4 |  4.3
Spellcasting   | 3 4 5 6 7 |  7.0
Transmutations | 2 3 4 |  4.5
Poison Magic   | 4 5 6 7 8 |  8.3
Short Blades   | 1 3 4 5 |  5.0
Air Magic      | 1 |  1.0
Axes           | 1 2 |  2.1
Unarmed Combat | |  0.2

Action                     |  1- 3 |  4- 6 |  7- 9 | 10-12 || total
---------------------------+-------+-------+-------+-------++-------
  Melee: Unarmed           |    28 |       |       |       ||    28
         Tailslap          |    10 |    11 |    21 |    20 ||    62
         Short sword       |    21 |       |       |       ||    21
         Dagger            |    47 |    92 |   194 |    71 ||   404
         War axe           |       |       |       |    50 ||    50
   Cast: Sting             |    48 |    60 |    19 |     1 ||   128
         Mephitic Cloud    |     1 |       |       |       ||     1
         Poisonous Vapours |       |     1 |     2 |     2 ||     5
         Olgreb's Toxic Ra |       |       |     3 |     6 ||     9
Ability: Breathe Noxious F |       |       |    12 |    14 ||    26
    Use: Scroll            |     2 |     1 |     8 |     1 ||    12
         Potion            |       |       |       |     1 ||     1
   Stab: Sleeping          |       |     1 |     3 |     3 ||     7
         Confused          |       |       |     1 |     5 ||     6
 Armour: Skin              |    51 |    39 |    43 |    45 ||   178
  Dodge: Dodged            |    90 |    71 |   112 |    86 ||   359
  Block: Buckler           |     5 |    19 |    39 |    20 ||    83

Table legend: (Time is in decaauts)
 A = Elapsed time spent in this place.
 B = Non-inter-level travel time spent in this place.
 C = Inter-level travel time spent in this place.
 D = Time resting spent in this place.
 E = Time spent auto-exploring this place.
 F = Levels seen in this place.
 G = Mean time per level.
                   A        B        C        D        E       F      G
               +--------+--------+--------+--------+--------+-----+--------+
         Total |   8741 |   8260 |    481 |    325 |   5278 |  10 |  874.1 |
       Dungeon |   8596 |   8115 |    481 |    325 |   5172 |   9 |  955.1 |
        Temple |    144 |    144 |      0 |      0 |    106 |   1 |  144.0 |
               +--------+--------+--------+--------+--------+-----+--------+

Top non-repeatable levels by time:
     D:3: 1263 daAuts
     D:8: 1156 daAuts
     D:7: 989 daAuts
     D:9: 945 daAuts
     D:1: 917 daAuts
     D:4: 876 daAuts
     D:5: 852 daAuts
     D:6: 798 daAuts
     D:2: 797 daAuts
  Temple: 144 daAuts
